 Dungeon Crawl Stone Soup version 0.24.0-13-gcf9b3192b9 (webtiles) character file.

Game seed: 4888737068980178719, levelgen mode: deterministic

1387 FishyPogo the Sneak (level 8, -2/62 HPs)
             Began as a Naga Ice Elementalist on Nov 8, 2019.
             Was an Initiate of Dithmenos.
             Slain by a wight
             ... wielding a cursed +3 mace of freezing
              (11 damage)
             ... on level 6 of the Dungeon.
             The game lasted 00:20:09 (4879 turns).

FishyPogo the Sneak (Naga Ice Elementalist)         Turns: 4879, Time: 00:20:10

Health: -2/62      AC: 12    Str:  8 (10) XL:     8   Next: 67%
Magic:  12/12      EV:  6    Int: 18      God:    Dithmenos [......]
Gold:   222        SH:  0    Dex:  9 (12) Spells: 7/13 levels left

rFire    . . .     SeeInvis +   b - +1 flail (holy)
rCold    . . .     Gourm    .   (no shield)
rNeg     . . .     Faith    .   w - +0 ring mail (curse)
rPois    +         Spirit   .   (helmet restricted)
rElec    .         Reflect  .   (no cloak)
rCorr    .         Harm     .   (no gloves)
MR       ++...                  p - +0 naga barding
Stlth    ++........             (no amulet)
HPRegen  0.20/turn              e - ring of protection from magic
MPRegen  0.13/turn              (no ring)

@: flying, hasted, lightly drained, quick
A: large, antennae 1, slimy green scales 1, see invisible, deformed body, poison
resistance, slowness 2, slow metabolism 1, spit poison 1, AC +2
a: Spit Poison, Renounce Religion


You were on level 6 of the Dungeon.
You worshipped Dithmenos.
Dithmenos was noncommittal.
You were hungry.

You visited 2 branches of the dungeon, and saw 7 of its levels.

You collected 222 gold pieces.

Inventory:

Hand Weapons
 a - a +3 falchion
 b - a +1 flail of holy wrath (weapon)
Missiles
 f - 99 stones (quivered)
 i - 4 boomerangs
 q - a throwing net
 v - 4 poisoned darts
Armour
 p - a +0 naga barding (worn)
 w - a cursed +0 ring mail (worn)
 y - a +0 robe
Jewellery
 e - a ring of protection from magic (left hand)
 k - an uncursed ring of flight
Wands
 t - a wand of random effects (14)
 D - a wand of iceblast (10)
Scrolls
 h - 9 scrolls of identify
 n - a scroll of fear {unknown}
 o - a scroll of amnesia
 A - a scroll of fog
 B - 2 scrolls of remove curse
 E - a scroll of blinking
Potions
 d - a potion of magic
 l - a potion of brilliance
 m - 4 potions of curing
 r - a potion of flight
 s - a potion of invisibility
Comestibles
 c - 8 rations


   Skills:
 * Level 2.2(1.7) Long Blades
 - Level 1.3(0.8) Maces & Flails
 * Level 3.0(2.5) Armour
 - Level 2.0(1.4) Dodging
 + Level 7.3(6.7) Stealth
 - Level 3.0(2.4) Spellcasting
 + Level 3.9(3.3) Conjurations
 * Level 6.9(6.3) Ice Magic


You had 7 spell levels left.
You knew the following spells:

 Your Spells              Type           Power        Failure   Level  Hunger
a - Freeze                Ice            ####         3%          1    #......
b - Throw Frost           Conj/Ice       ###...       11%         2    ##.....
y - Ozocubu's Armour      Chrm/Ice       ##......     38%         3    ###....

Your spell library contained the following spells:

 Spells                   Type           Power        Failure   Level  Hunger
 Throw Icicle             Conj/Ice       ###.....     56%         4    #####..
 Summon Ice Beast         Ice/Summ       ##......     80%         4    #####..


Dungeon Overview and Level Annotations

Branches:
Dungeon (6/15)             Temple (1/1) D:6

Altars:
Ashenzari
Cheibriados
Dithmenos
Elyvilon
Gozag
Kikubaaqudgha
Nemelex Xobeh
Okawaru
Qazlal
Ru
Sif Muna
Trog
Uskayaw
Vehumet
Wu Jian
The Shining One

Shops:
D:6 }

Annotations:
D:4 1 runed translucent door, yogakurto's ghost, amateur OpSu
D:6 Dowan; Duvessa


Innate Abilities, Weirdness & Mutations

You cannot wear boots.
Your serpentine skin is tough. (AC +2)
You have supernaturally acute eyesight. (SInv)
Armour fits poorly on your strangely shaped body.
Your system is resistant to poisons. (rPois)
You cover ground very slowly.
You have a slow metabolism.
You can spit poison.
You have a pair of small antennae on your head.
You are partially covered in slimy green scales. (AC +2)


Message History

The wight is almost destroyed.
The wight hits you with a cursed +3 mace of freezing!
* * * LOW HITPOINT WARNING * * *
The wight freezes you.
* * * LOW HITPOINT WARNING * * *
As you read the scroll labeled DIKIBL PADWIQO, it crumbles to dust.
The scroll dissolves into smoke.
It was a scroll of fog.
The wight barely misses you.
As you read the scroll labeled VUICOI MENA EFI, it crumbles to dust.
You feel aware of your surroundings.
You sensed 2 altars.
It was a scroll of magic mapping.
You have got your breath back.
Your ring mail prevents you from hitting the wight.
The wight is almost destroyed.
The wight barely misses you.
You are feeling hungry.
You closely miss the wight.
The wight is almost destroyed.
The wight hits you with a cursed +3 mace of freezing!
You die...

***,,,,*,*,**#,****.# #.*#.# ###
*,,,,,,,,,,.,,,,♣.* #.##.###.##
***,,,,*,*,*##.**,.####.........#
,,*,,,,*,#.,,..,,♣∩♣....)#.###...
*,,,>,,,,...##.##..#####....#####
***,,*,,,.......o.** ##...÷###
*,,,,**#.....zz#,* #.......#
***,,,*,*,*****#z#.# #.......#
*,,,,,**,** #@#.# #.......#
,,,,,,**.#######§#.#####....###
,****,**.......§§§...###....#
,****,**..######.#.......####
,,,,,,**,,* #.###.#...#
,******#..######.# #.#.#.# ,*
#.........###.#.#.# ,*
##.#####..........# ,* *,*
##.###.#.#.#


You could see 3 wights.

Vanquished Creatures
  Sigmund (D:2)
  A phantom (D:4)
  6 ogres
  A necrophage (D:4)
  A centaur (D:5)
  A wight (D:6)
  A howler monkey (D:5)
  3 hounds
  A bullfrog skeleton (D:5)
  A centaur skeleton (D:4)
  Ijyb (D:3)
  Terence (D:2)
  A worker ant (D:5)
  A hound skeleton (D:5)
  7 adders
  4 oozes
  4 worms
  2 dart slugs
  4 leopard geckos
  4 orcs
  7 giant cockroaches
  9 goblins
  8 hobgoblins
  6 jackals
  2 quokkas
  A ball python (D:3)
  5 bats
  4 frilled lizards
  8 kobolds
  A leopard gecko zombie (D:5)
  9 rats
106 creatures vanquished.

Vanquished Creatures (others)
  2 plants (D:5)
2 creatures vanquished.

Grand Total: 108 creatures vanquished

Notes
Turn   | Place    | Note
-------+----------+-------------------------------------------
     0 | D:1      | FishyPogo the Naga Ice Elementalist began the quest for the
                  | Orb.
     0 | D:1      | Reached XP level 1. HP: 15/15 MP: 3/3
    72 | D:1      | Reached XP level 2. HP: 22/22 MP: 3/5
   108 | D:1      | Learned a level 2 spell: Throw Frost
   467 | D:1      | Reached XP level 3. HP: 28/28 MP: 6/6
   472 | D:1      | Learned a level 3 spell: Ozocubu's Armour
   913 | D:1      | Reached XP level 4. HP: 29/36 MP: 2/7
   914 | D:1      | Reached skill level 4 in Stealth
  1019 | D:2      | Noticed Sigmund
  1029 | D:2      | Killed Sigmund
  1029 | D:2      | Reached XP level 5. HP: 22/42 MP: 0/9
  1282 | D:2      | Reached skill level 5 in Stealth
  1297 | D:2      | Noticed Terence
  1302 | D:2      | Killed Terence
  1302 | D:2      | Reached XP level 6. HP: 49/49 MP: 3/10
  1739 | D:3      | You fall into a shaft and drop 1 floor!
  1941 | D:4      | Found a sand-covered staircase.
  2297 | D:3      | Reached skill level 5 in Ice Magic
  2512 | D:3      | Noticed Ijyb
  2527 | D:3      | Killed Ijyb
  2997 | D:4      | Noticed a necrophage
  3005 | D:4      | Killed a necrophage
  3026 | D:4      | Reached skill level 1 in Maces & Flails
  3026 | D:4      | Reached XP level 7. HP: 35/55 MP: 0/11
  3236 | D:4      | Reached skill level 6 in Stealth
  3401 | D:4      | Reached skill level 1 in Armour
  3479 | D:4      | Found a runed translucent door.
  3480 | D:4      | Noticed yogakurto's ghost (amateur OpSu)
  3697 | D:5      | Entered Level 5 of the Dungeon
  3820 | D:5      | Reached XP level 8. HP: 60/62 MP: 1/12
  4039 | D:5      | Found a stormy altar of Qazlal.
  4045 | D:5      | Noticed a water elemental
  4048 | D:5      | Noticed an air elemental
  4292 | D:5      | Reached skill level 1 in Long Blades
  4292 | D:5      | Reached skill level 7 in Stealth
  4449 | D:5      | Found a bloodstained altar of Trog.
  4485 | D:5      | Found a sacrificial altar of Ru.
  4589 | D:6      | Found a staircase to the Ecumenical Temple.
  4591 | D:6      | Noticed Duvessa
  4591 | D:6      | Noticed Dowan
  4599 | Temple   | Entered the Ecumenical Temple
  4660 | Temple   | Became a worshipper of Dithmenos the Shadowed
  4681 | D:6      | HP: 2/62 [Duvessa/+0 rapier (5)]
  4844 | D:6      | Found Wosteipn's Gadget Shop.
  4871 | D:6      | Gained mutation: You are partially covered in slimy green
                  | scales. (AC +2) [potion of mutation]
  4871 | D:6      | Gained mutation: You have a pair of small antennae on your
                  | head. [potion of mutation]
  4879 | D:6      | Slain by a wight

Levels and vault maps discovered:
D:1:      lightli_arrival_isolated_outpost, layout_loops_ring
D:2:      layout_rooms, minmay_box_of_dots, uniq_terence, uniq_sigmund
D:3:      layout_basic, uniq_ijyb
D:4:      layout_loops_cross, first_ration, serial_co_window_serial,
          co_window_of_opportunity_a, co_window_corner_a, co_window_paths_a,
          co_window_paths_a, co_window_paths_a, co_window_of_opportunity_b,
          co_window_of_opportunity_b, co_window_cross_4, co_window_paths_d,
          glass_columns_b, glass_columns_a, glass_columns_b, glass_columns_b,
          glass_columns_a, gammafunk_ghost_grave, enter_ossuary_5,
          supply_closet_lemuel
D:5:      layout_basic, lightli_temple_of_fire, nicolae_ru_the_path_less_chosen,
          nicolae_qazlal_style_of_elements
D:6:      layout_loops_ring, fedhas_altar_fruit_tree,
          nicolae_overflow_crystal_walls, minmay_temple_entry_mist,
          serial_shops, nicolae_shop_trees, uniq_duvessa
Temple:   dshaligram_water_room_temple

Skill      XL: |  1  2  3  4  5  6  7  8 |
---------------+-------------------------+-----
Dodging        | 2 |  2.0
Stealth        | 4 5 6 7 |  7.3
Ice Magic      | 4 5 6 |  6.9
Spellcasting   | 3 |  3.0
Conjurations   | 2 3 |  3.9
Maces & Flails | 1 |  1.3
Armour         | 2 3 |  3.0
Long Blades    | 2 |  2.2

Action                   |  1- 3 |  4- 6 |  7- 9 || total
-------------------------+-------+-------+-------++-------
Melee: Unarmed           |    14 |       |       ||    14
       Flail             |       |    25 |    39 ||    64
       Falchion          |       |    11 |    18 ||    29
 Cast: Freeze            |    23 |    34 |    33 ||    90
       Throw Frost       |     7 |    36 |    23 ||    66
 Abil: Spit Poison       |    31 |    21 |    19 ||    71
  Use: Scroll            |       |     6 |     3 ||     9
       Potion            |       |       |     8 ||     8
 Stab: Sleeping          |       |     2 |     1 ||     3
       Distracted        |       |     1 |       ||     1
  Eat: Chunk             |     2 |     8 |     8 ||    18
Armor: Robe              |     8 |    47 |       ||    55
       Ring mail         |       |       |    58 ||    58
Dodge: Dodged            |    21 |    43 |    30 ||    94
       Rpst.: Falchion   |       |     6 |     3 ||     9
